 Dungeon Crawl Stone Soup version 0.17-a0-2122-g03d97ec (webtiles) character file.

62 SlimeFever the Vexing (level 3, 0/25 HPs)
             Began as a Vampire Enchanter on Oct 21, 2015.
             Killed from afar by Terence (10 damage)
             ... with a wand of magic darts
             ... on level 3 of the Dungeon on Oct 22, 2015.
             The game lasted 00:12:52 (1486 turns).

SlimeFever the Vexing (Vampire Enchanter)           Turns: 1486, Time: 00:12:52

Health: 0/25       AC:  0    Str:  2    XL:     3   Next: 85%
Magic:  0/6        EV: 20    Int: 18    God:
Gold:   63         SH:  0    Dex: 19    Spells: 2 memorised, 4 levels left

rFire  . . .     SeeInvis +     (weapon currently unavailable)
rCold  . . .     Clarity  .     (armour currently unavailable)
rNeg   + . .     SustAt   .     (shield currently unavailable)
rPois  .         Gourm    .     (helmet currently unavailable)
rElec  .         Spirit   .     (cloak currently unavailable)
rCorr  .         Warding  .     (gloves currently unavailable)
rMut   .         Stasis   .     (boots currently unavailable)
MR     .....                    (no amulet)
Stlth  ++++......               (ring currently unavailable)
                                (ring currently unavailable)

@: bat-form, flying, very quick, not resistant to hostile enchantments, stealthy
A: (fangs 0), see invisible, (unbreathing)
a: End Transformation


You were on level 3 of the Dungeon.
You were not thirsty.
You were in vampire-bat-form.
You visited 1 branch of the dungeon, and saw 3 of its levels.

You collected 63 gold pieces.

Inventory:

Hand Weapons
 a - a +1 dagger (melded)
 b - a +4 hunting sling
Missiles
 e - 19 arrows
 l - 52 bolts
 o - 14 poisoned needles
 p - 49 stones (quivered)
 s - 14 silver bolts
Armour
 f - a +0 cloak (melded)
 i - a +0 leather armour (melded)
 n - a +1 robe
Jewellery
 g - a ring of ice (melded)
 j - a +4 ring of evasion (melded)
Wands
 r - a wand of slowing (36)
 t - a wand of fireball (7)
Potions
 d - a potion of blood
 h - 2 potions of flight
 k - a potion of lignification {unknown}
 m - a potion of curing {unknown}
Books
 c - a book of Maledictions

   Spells                             Type                      Level
   a - Corona                         Hexes                        1
   b - Ensorcelled Hibernation        Hexes/Ice                    2
   c - Confuse                        Hexes                        3
   d - Tukima's Dance                 Hexes                        3
   e - Dazzling Spray                 Conjuration/Hexes            3


   Skills:
 + Level 0.3 Fighting
 * Level 1.5 Short Blades
 + Level 0.2 Slings
 * Level 1.0 Armour
 + Level 2.4 Dodging
 + Level 4.7 Stealth
 + Level 2.5 Spellcasting
 + Level 5.0 Hexes


You had 4 spell levels left.
You knew the following spells:

 Your Spells              Type           Power        Failure   Level  Hunger
a - Corona                Hex            ###....      1%          1    #......
b - Ensorcelled Hibernat  Hex/Ice        ##....       12%         2    ##.....


Dungeon Overview and Level Annotations

Branches:
Dungeon (3/15)

Altars:
Cheibriados

Annotations:
D:3 Terence


Innate Abilities, Weirdness & Mutations

((You have razor-sharp teeth.))
You have supernaturally acute eyesight.
((You can survive without breathing.))


Message History

Aiming: Ensorcelled Hibernation
Press: ? - help, Shift-Dir - straight line, f - orc
Aim: an orc, wielding a whip (chance to defeat MR: 82%)
You feel a surge of power!
The orc looks drowsy...
Terence zaps a wand.
The magic dart hits you!
It is a wand of magic darts.
Terence says, "Did you write a will?
You should..."
Terence zaps a wand.
The magic dart hits you!
As you read the scroll labeled KAEDWY MODITS, it crumbles to dust.
Forget which spell ([?*] list [ESC] exit)?
Forget which spell ([?*] list [ESC] exit)?
Okay, then.
It was a scroll of amnesia.
Use which ability?
You turn into a vampire bat.
Your +1 dagger melds into your body.
Your +0 cloak melds into your body.
Your +0 leather armour melds into your body.
Your ring of ice melds into your body.
Your +4 ring of evasion melds into your body.
Terence zaps a wand.
The magic dart hits you!
You die...

#.......#.#.#........
..†.....#......###.### #
.#......###.#..#.....#.#
.#......# #.#†.#.....#.#
.#......# #.#..@...>...#
######### #.#.o#.....#.
#.##.#.....#
#....###@###..#
#.#...b.......#
#.#...........#
###############


You could see Terence.

Vanquished Creatures
  A gnoll (D:3)
  2 adders (D:2)
  An ooze (D:2)
  2 bats (D:3)
  2 giant cockroaches
  3 goblins
  7 hobgoblins
  2 quokkas (D:2)
  2 giant newts
  5 kobolds
  2 rats
29 creatures vanquished.

Notes
Turn   | Place    | Note
--------------------------------------------------------------
     0 | D:1      | SlimeFever the Vampire Enchanter began the quest for the Orb.
     0 | D:1      | Reached XP level 1. HP: 13/13 MP: 3/3
   554 | D:1      | Reached XP level 2. HP: 11/19 MP: 3/5
   701 | D:2      | Learned a level 2 spell: Ensorcelled Hibernation
  1047 | D:2      | Reached XP level 3. HP: 20/24 MP: 3/6
  1115 | D:2      | Reached skill level 1 in Armour
  1336 | D:3      | Found a snail-covered altar of Cheibriados.
  1360 | D:3      | Reached skill level 5 in Hexes
  1477 | D:3      | Noticed Terence
  1486 | D:3      | Killed from afar by Terence

Vault maps used:
D:1:      dpeg_arrival_houses_and_road
D:3:      grunt_temple_overflow_growth_and_decay, overflow_temple_1_default,
          cheibriados_altar_wand_db, lightli_temple_of_fire, st_stairs_3,
          uniq_terence

Action                   || total
-------------------------++-------
Melee: Dagger            ||    67
 Fire: Hunting sling     ||     6
 Cast: Corona            ||    12
       Ensorcelled Hiber ||     8
 Abil: Bat Form          ||     1
  Use: Scroll            ||     6
 Stab: Sleeping          ||    10
  Eat: Corpse            ||     4
